cohdb
Replays
Latest Replays
All Replays
Popular Replays
Top Player Replays
Match Explorer
How It Works
Community
CoH3 Stats
Reddit
Sign in to upload your games and track your stats! →
Sign in with Steam
Match 28679679
Unlisted
Match 28679679
Overview
Messages
Build Orders
End
Construct Barracks
Selects Armored Battlegroup
Selects Veteran Crews
1⁄4-ton 4x4 Truck
Engineer Squad
Riflemen Squad
Riflemen Squad
Air Support Center
Grenade Package
Construct Medical Station
Riflemen Squad
Construct Motor Pool
Selects Strength in Steel
Selects M8 Scott SPG
M8 Scott SPG
Ruby
HulkSMASH
Pin0kyo
CAuMOH
0
0
Comments
sign in to comment!
No comments posted yet!